 Dungeon Crawl Stone Soup version 0.31.0-11-ge490571c62 (webtiles) character file.

Game seed: 18302429870452091884

119 hawla the Scratcher (level 4, -1/22 HPs)
             Began as a Felid Shapeshifter on Jan 27, 2024.
             Was an Initiate of Makhleb.
             Killed by nerve-wracking pain
             ... invoked by Grinder
              (8 damage)
             ... on level 3 of the Dungeon.
             The game lasted 00:03:33 (1732 turns).

hawla the Scratcher (Felid Shapeshifter)            Turns: 1732, Time: 00:03:34

Health: -1/22      AC:  1    Str: 16    XL:     4   Next: 73%
Magic:  5/5        EV: 17    Int: 13    God:    Makhleb [......]
Gold:   173        SH:  0    Dex: 14    Spells: 3/3 levels left
                                        Lives:  0   Deaths: 2

rFire   . .          .
                       - Unarmed
rCold   . . .        (shield unavailable)
rNeg    . . .        (body armour unavailable)
rPois   .            (helmet unavailable)
rElec   .            (cloak unavailable)
rCorr   .            (gloves unavailable)
SInv    +            (boots unavailable)
Will    .....        (no amulet)
Stlth   +            (no ring)
HPRegen 0.23/turn    (no ring)
MPRegen 0.09/turn

%: no passive effects
@: beast-form
A: beast (slay +1), very small, claws 1, fangs 3, see invisible, shaggy fur 1,
stealthy paws, no weapons or thrown items, no armour, multi-lived, strong 1
a: Begin Untransformation, Renounce Religion


You were on level 3 of the Dungeon.
You worshipped Makhleb.
Makhleb was noncommittal.
You were a hulking beast.
You visited 1 branch of the dungeon, and saw 3 of its levels.

You collected 173 gold pieces.

Inventory:

Talismans
 a - a serpent talisman
 b - a beast talisman
 c - a flux talisman
Scrolls
 d - a scroll of fear {unknown}
 h - a scroll of blinking {unknown}
 i - a scroll of brand weapon {unknown}
 l - 2 scrolls of immolation {unknown}
 m - a scroll of poison {unknown}
 n - a scroll of enchant weapon {unknown}
Potions
 e - 2 potions of degeneration {unknown}
 f - a potion of resistance {unknown}
 g - a potion of curing
 k - a potion of invisibility {unknown}


   Skills:
 - Level 1.0 Fighting
 - Level 2.6 Dodging
 + Level 5.5 Unarmed Combat
 - Level 2.6 Shapeshifting


You had 3 spell levels left.
You didn't know any spells.
Your spell library was empty.

Dungeon Overview and Level Annotations

Branches:
Dungeon (3/15)

Altars:
Makhleb
Uskayaw

Annotations:
D:3 Grinder


Innate Abilities, Weirdness & Mutations

You are a hulking beast.
Your limbs bulge with bestial killing power. (Slay +1)
You have sharp claws.
You have razor-sharp teeth.
You have supernaturally acute eyesight. (SInv)
You are covered in fur. (AC +1)
Your paws help you pounce on unaware monsters.
You are incapable of wielding weapons or throwing items.
You cannot wear armour.
You gain extra lives every three experience levels.
Your muscles are strong. (Str +4, Int/Dex -1)


Message History

You claw the dart slug!
You kill the dart slug!
Makhleb accepts your kill.
No target in view!
You see here a bat corpse.
Found a club.
f - a golden potion
h - a scroll labelled XUXKOE CIMPU A dart slug comes into view.
The dart slug launches a dart at you. The slug dart hits you.
Found a scroll labelled EQOXZO DIOTZEU.
The dart slug launches a dart at you. The slug dart hits you.
You see here 11 gold pieces.
You claw the dart slug!
The dart slug is severely wounded.
The dart slug misses you.
You scratch the dart slug.
You kill the dart slug!
Makhleb accepts your kill.
No target in view!
HP restored.
You now have 173 gold pieces (gained 11).
l - 2 scrolls labelled EQOXZO DIOTZEU (gained 1) Grinder shouts!
Grinder is nearby!
Grinder is nearby!
Grinder is nearby!
Okay, then.
Grinder blinks!
You start waiting.
Grinder is nearby!
Grinder hits you!
You writhe in agony.
You completely miss Grinder.
Grinder is lightly wounded.
Grinder gestures at you. Pain shoots through your body!
You die...
Grinder says, "Now the real fun starts!"

#.......# #...._ #.......#
#..... #.......# #.### ..
###.#.### #.#.. #. ##.#.##
##.#.. .# #..#..# #..### ..
#.###.# #..... . #. #.#
#.########.# ##..#.. .. #.
#.# #...h5.....####.. #..
..#
#.##.########...........##..
...# #.....# ...............
....###.##.# .....#.........
........# .# ...K.#.........
.......## .# .....#.........
##.....# .#. ..[..#........#
.......###.#.#
..............(
.#...#....)..##
###..........###+


You could see Grinder and a kobold (wandering).

Vanquished Creatures
  Natasha (D:2)
  A gnoll (D:1)
  2 adders (D:2)
  3 dart slugs
  5 orcs (D:2)
  7 ball pythons
  2 bats
  3 endoplasms
  4 giant cockroaches
  7 goblins
  4 hobgoblins
  2 jackals (D:1)
  2 frilled lizards (D:1)
  2 kobolds (D:2)
  8 rats
53 creatures vanquished.

Notes
Turn   | Place    | Note
-------+----------+-------------------------------------------
     0 | D:1      | hawla the Felid Shapeshifter began the quest for the Orb.
     0 | D:1      | Reached XP level 1. HP: 10/10 MP: 2/2
    73 | D:1      | Reached XP level 2. HP: 14/14 MP: 3/3
    86 | D:1      | Frozen to death by an endoplasm
    86 | D:1      | Lost a life (0 lives remaining)
   316 | D:1      | Reached skill level 4 in Unarmed Combat
   452 | D:1      | Reached XP level 3. HP: 6/18 MP: 4/4
   917 | D:2      | Noticed Natasha
   926 | D:2      | Killed Natasha
   927 | D:2      | Reached skill level 5 in Unarmed Combat
   927 | D:2      | Reached XP level 4. HP: 8/22 MP: 5/5
   927 | D:2      | Gained a life (1 life remaining)
  1476 | D:2      | Gained mutation: Your muscles are strong. (Str +4, Int/Dex
                  | -1) [potion of mutation]
  1480 | D:3      | Found a burning altar of Makhleb.
  1552 | D:3      | Became a worshipper of Makhleb the Destroyer
  1596 | D:3      | Noticed a +0 dagger
  1596 | D:3      | Noticed a +0 hand axe
  1598 | D:3      | Noticed Grinder
  1599 | D:3      | Found a hide-covered altar of Uskayaw.
  1610 | D:3      | Paralysed by Grinder for 4 turns
  1613 | D:3      | Slain by Grinder
  1613 | D:3      | Lost a life (0 lives remaining)
  1732 | D:3      | Killed from afar by Grinder

Illustrated notes

Levels and vault maps discovered:
D:1:      matt_arrival_debris, layout_basic
D:2:      minmay_spotlight, layout_basic, nicolae_figureground_pulse,
          uniq_natasha
D:3:      layout_rooms, dancing_weapons_uskayaw,
          mainiacjoe_overflow_tiny_flanked, chequers_serial_rivers_room_b,
          uniq_grinder

Skill      XL: |  1  2  3 |
---------------+----------+-----
Unarmed Combat | 4 5 |  5.5
Fighting       | |  1.0
Dodging        | |  2.6
Shapeshifting  | |  2.6

Action                     |  1- 3 |  4- 6 || total
---------------------------+-------+-------++-------
  Melee: Unarmed           |    74 |    36 ||   110
         Bite              |     5 |     4 ||     9
         Punch             |     3 |       ||     3
    Use: Scroll            |     1 |     3 ||     4
         Potion            |       |     3 ||     3
   Stab: Sleeping          |     3 |       ||     3
 Armour: Skin              |    21 |    23 ||    44
  Dodge: Dodged            |    61 |    27 ||    88
